 Dungeon Crawl Stone Soup version 0.31-a0-217-g58bb5d79cf (webtiles) character file.

Game seed: 14922765656994145778

247 sanka the Conjurer (level 5, 0/41 HPs)
             Began as a Demigod Conjurer on July 2, 2023.
             Slain by an adder (4 damage)
             ... on level 4 of the Dungeon.
             The game lasted 00:04:57 (4122 turns).

sanka the Conjurer (Demigod Conjurer)               Turns: 4122, Time: 00:04:59

Health: 0/41       AC:  3    Str:  8    XL:     5   Next: 54%
Magic:  1/10       EV: 12    Int: 24    God:
Gold:   200        SH:  0    Dex: 18    Spells: 5/8 levels left

rFire   . . .        f - +2 hand axe (elec)
rCold   . . .        (no shield)
rNeg    . . .        a - +0 robe
rPois   +            (no helmet)
rElec   .            (no cloak)
rCorr   .            l - +0 pair of gloves
SInv    .            (no boots)
Will    .....        s - amulet of the acrobat
Stlth   ++           u - +6 ring of dexterity
HPRegen 0.26/turn    t - ring of poison resistance
MPRegen 0.12/turn

%: acrobat
@: no status effects
A: high MP 1, forlorn, divine attributes
a: no special abilities


You were on level 4 of the Dungeon.
You visited 1 branch of the dungeon, and saw 4 of its levels.

You collected 200 gold pieces.


Innate Abilities, Weirdness & Mutations

You have an increased reservoir of magic. (+10% MP)
You shall have no god before yourself.
Your divine heritage dramatically boosts your attributes as you level up.


   Skills:
 + Level 2.1 Fighting
 - Level 1.7 Dodging
 - Level 1.7 Stealth
 - Level 2.0 Spellcasting
 - Level 6.0 Conjurations


You had 5 spell levels left.
You knew the following spells:

 Your Spells              Type           Power      Damage    Failure   Level
x - Searing Ray           Conj           62%        2d6       1%          2
z - Magic Dart            Conj           100%       1d8       1%          1

Your spell library contained the following spells:

 Spells                   Type           Power      Damage    Failure   Level
 Dazzling Flash           Conj/Hex       32%        N/A       11%         3
 Lesser Beckoning         Tloc           4%         N/A       19%         2
 Gell's Gravitas          Tloc           2%         N/A       34%         3
 Teleport Other           Tloc           2%         N/A       34%         3
 Fulminant Prism          Conj/Hex       8%         3d7       34%         4
 Iskenderun's Mystic Bla  Conj/Tloc      16%        2d5       34%         4

Inventory:

Hand Weapons
 f - a +2 hand axe of electrocution (weapon)
 q - a +2 dagger of venom
Armour
 a - a +0 robe (worn)
 l - a +0 pair of gloves (worn)
 o - the +8 plate armour "Zaedaq" {Will+}

   Will:      It increases your willpower.
Jewellery
 s - an amulet of the acrobat (around neck)
 t - a ring of poison resistance (right hand)
 u - a +6 ring of dexterity (left hand)
Scrolls
 c - 2 scrolls of enchant armour {unknown}
 d - 2 scrolls of amnesia {unknown}
 h - 2 scrolls of blinking {unknown}
 i - 2 scrolls of identify {unknown}
 j - 3 scrolls of teleportation {unknown}
 m - a scroll of vulnerability {unknown}
 n - a scroll of poison {unknown}
 r - a scroll of immolation {unknown}
Potions
 b - a potion of magic
 e - 2 potions of attraction {unknown}
 g - a potion of brilliance {unknown}
 k - a potion of degeneration {unknown}
 p - 2 potions of might {unknown}

Dungeon Overview and Level Annotations

Branches:
Dungeon (4/15)
 Temple: D:4-7

..>.. ▒▒.▒ ▒▒ ..... ▒.▒▒▒.
▒... ▒..▒▒. ▒..▒ ▒..▒.. ▒..▒
▒..▒.. ▒..▒ ▒▒▒▒▒▒▒▒.▒..
▒▒▒▒.▒▒▒ ▒▒▒▒....▒▒▒.▒▒.
▒▒▒......▒▒▒.........▒..▒.
▒▒▒▒...▒▒▒▒.pS....)..........
▒▒▒....▒▒▒
▒▒h................
▒▒▒...▒▒▒▒ .............▒...▒
....▒▒▒ ..............▒.▒▒▒
.▒▒▒▒▒▒ ▒......).........▒
......▒ ▒▒▒.............▒▒
▒....... ▒▒▒▒▒▒▒...▒▒..▒
▒....... ▒▒▒....▒▒▒ ▒.......
▒▒.....▒▒▒


You could see a black bear (berserk) and an adder.


Message History

The searing ray hits the black bear.
The black bear is almost dead.
The black bear completely misses you. The black bear completely misses you.
The black bear completely misses you. The black bear bites you.
The black bear claws you.
The black bear claws you but does no damage.
You hit the black bear but do no damage.
The black bear is almost dead.
The black bear barely misses you. The black bear barely misses you.
The black bear claws you.
* * * LOW HITPOINT WARNING * * *
The adder barely misses you.
You hit the black bear but do no damage.
The black bear is almost dead.
You closely miss the adder. The black bear completely misses you.
The black bear closely misses you.
The black bear claws you but does no damage.
The adder bites you but does no damage. The black bear bites you!
* * * LOW HITPOINT WARNING * * *
The black bear claws you.
* * * LOW HITPOINT WARNING * * *
The black bear claws you.
* * * LOW HITPOINT WARNING * * *
The adder bites you.
You die...

Action                     |  1- 3 |  4- 6 || total
---------------------------+-------+-------++-------
  Melee: Unarmed           |     2 |       ||     2
         Hand axe          |       |    11 ||    11
         Punch             |       |     1 ||     1
   Cast: Magic Dart        |   100 |    56 ||   156
         Searing Ray       |     1 |     2 ||     3
 Armour: Robe              |     2 |     8 ||    10
  Dodge: Dodged            |     7 |    29 ||    36

Levels and vault maps discovered:
D:1:      arrival_aquarium_b, layout_basic, minmay_3d_cube
D:2:      layout_basic, st_stairs_12, kennysheep_generic_room_2
D:3:      layout_basic, serial_rivers, chequers_serial_rivers_room_b,
          chequers_serial_rivers_micro_c, chequers_serial_rivers_small_b,
          chequers_serial_rivers_large_b, shapermc_ecumenical_altar_mp_vishouse
D:4:      layout_cave_pods, eino_tiny_chamber

Notes
Turn   | Place    | Note
-------+----------+-------------------------------------------
     0 | D:1      | sanka the Demigod Conjurer began the quest for the Orb.
     0 | D:1      | Reached XP level 1. HP: 14/14 MP: 5/5
     3 | D:1      | Noticed an electric eel
     4 | D:1      | Noticed an electric eel
    99 | D:1      | Reached skill level 2 in Spellcasting
   228 | D:1      | Reached skill level 4 in Conjurations
   277 | D:1      | Reached XP level 2. HP: 20/20 MP: 4/7
   308 | D:1      | Learned a level 2 spell: Searing Ray
  1598 | D:2      | Reached XP level 3. HP: 26/26 MP: 6/8
  2325 | D:3      | Identified the +8 plate armour "Zaedaq" {Will+}
  2536 | D:3      | Reached skill level 5 in Conjurations
  2720 | D:3      | Reached XP level 4. HP: 33/33 MP: 6/9
  3574 | D:4      | Reached XP level 5. HP: 38/38 MP: 7/10
  3580 | D:4      | Reached skill level 6 in Conjurations
  3703 | D:4      | Reached skill level 1 in Fighting
  3829 | D:4      | Reached skill level 2 in Fighting
  4110 | D:4      | Noticed a black bear
  4122 | D:4      | HP: 4/41 [black bear (2)]
  4122 | D:4      | Slain by an adder

Vanquished Creatures
  A hound (D:4)
  A jelly (D:4)
  An iguana (D:4)
  7 adders
  2 ufetubi (D:4)
  2 worms
  5 dart slugs
  An orc (D:3)
  7 endoplasms
  3 giant cockroaches
  5 goblins
  9 hobgoblins
  3 jackals (D:4)
  2 kobolds
  A quokka (D:1)
  8 ball pythons
  5 bats
  2 frilled lizards
  9 rats
74 creatures vanquished.
